AoeStats
← Axolot

Hideout

503722707Analyzed
2v2 RM · 1mo ago on Sep 2, 2026· 40m 45s· 4 players
Game mode
Random Map
Map size
Medium (4 player)
Population
200
Speed
Normal
Resources
Standard
Victory
Conquest
Starting age
Dark Age
Ending age
Imperial Age
RankedLock teamsTeams togetherTeam positionsShared explorationLock speedFull tech treeHidden civsTurbo modeCheats
Victory
Defeat
🇫🇮 Celts · Finland
1552
+15
🇺🇸 Spanish · United States
1510
+17
🇦🇷 Wei · Argentina
1649
-21
🇦🇷 Portuguese · Argentina
1415
-11
p0ni spice latte
11:06 Feudal Age
15:04 Castle Age
13:49 Horse Collar
14:05 Double-Bit Axe
16:08 Loom
18:32 Bow Saw
21:17 Padded Archer Armor
22:49 Leather Archer Armor
25:08 Husbandry
25:49 Bloodlines
25:30 Light Cavalry
27:49 Wheelbarrow
28:40 Redemption
30:01 Sanctity
29:53 Fervor
31:13 Scale Barding Armor
33:27 Heavy Plow
35:08 Hand Cart
34:39 Town Watch
38:58 Imperial Age
37:38 Chain Barding Armor
38:42 Forging
40:52 Chemistry
40:06 Cavalier
41:10 Gold Mining
41:11 Stone Mining
mundobear
7:06 Loom
9:10 Feudal Age
9:18 Man-at-Arms
10:15 Arson
16:23 Horse Collar
19:01 Fletching
25:18 Castle Age
23:14 Gold Mining
23:15 Stone Mining
23:36 Double-Bit Axe
25:06 Wheelbarrow
24:35 Scale Mail Armor
26:31 Chain Mail Armor
26:26 Forging
28:01 Heavy Plow
34:56 Town Watch
37:39 Town Patrol
40:56 Imperial Age
39:48 Iron Casting
41:03 Hand Cart
Axolot
6:45 Loom
8:49 Feudal Age
10:22 Double-Bit Axe
11:49 Fletching
14:57 Horse Collar
20:50 Wheelbarrow
25:38 Castle Age
26:22 Heavy Plow
26:33 Bow Saw
28:36 Gold Mining
28:37 Stone Mining
36:10 Masonry
42:50 Imperial Age
Its me poison
8:24 Feudal Age
8:49 Horse Collar
8:56 Double-Bit Axe
12:53 Gold Mining
14:24 Wheelbarrow
13:41 Loom
17:00 Castle Age
15:55 Fletching
16:05 Padded Archer Armor
17:59 Bow Saw
17:53 Bodkin Arrow
18:18 Elite Skirmisher
20:02 Gold Shaft Mining
20:48 Leather Archer Armor
22:09 Wheelbarrow
22:56 Ballistics
23:20 Town Watch
27:04 Heavy Plow
27:04 Stone Mining
30:25 Hand Cart
35:24 Imperial Age
34:35 Stone Shaft Mining
34:08 Town Patrol
34:14 Thumb Ring
34:23 Forging
34:19 Scale Barding Armor
35:25 Bloodlines
35:16 Husbandry
35:18 Tuntian
36:04 Scale Barding Armor
36:34 Iron Casting
37:10 Chemistry
36:14 Bracer
36:48 Ring Archer Armor
36:59 Crop Rotation
37:16 Conscription
38:58 Hoardings
38:50 Ming Guang Armor
37:47 Light Cavalry
39:23 Hussar
40:32 Scale Barding Armor
41:03 Iron Casting
Connection lost

Rejoining the realm…

Still unreachable

The connection could not be restored.

Session expired

The server has moved on; the page needs a fresh start.